 Dungeon Crawl Stone Soup version 0.27.1-34-g3ba077fa99 (webtiles) character file.

Game seed: 2999431512585769300

10 sankara the Ruffian (level 2, 0/34 HPs)
             Began as a Minotaur Transmuter on Jan 19, 2022.
             Succumbed to a kobold's poison
             ... on level 1 of the Dungeon.
             The game lasted 00:01:13 (425 turns).

sankara the Ruffian (Minotaur Transmuter)            Turns: 425, Time: 00:01:13

Health: 0/34       AC: 21    Str: 14    XL:     2   Next: 10%
Magic:  1/3        EV:  2    Int: 10    God:
Gold:   0          SH:  0    Dex: 10    Spells: 3/4 levels left

rFire    . . .     SeeInvis .     - Unarmed
rCold    . . .     Faith    .   (no shield)
rNeg     + + +     Spirit   .   (armour currently unavailable)
rPois    +         Reflect  .   (helmet currently unavailable)
rElec    .         Harm     .   (cloak currently unavailable)
rCorr    .         Rampage  .   (gloves currently unavailable)
Will     .....     NoTele   +   (boots currently unavailable)
Stlth    +.........             (no amulet)
HPRegen  0.11/turn              (no ring)
MPRegen  0.08/turn              (no ring)

@: lethally poisoned (0 -> -2), tree-form
A: stationary, stasis, torment immunity, boosted hp, (horns 2), (retaliatory
headbutt)
a: no special abilities


You were on level 1 of the Dungeon.
You were a tree.
You visited 1 branch of the dungeon, and saw 1 of its levels.

Inventory:

Missiles
 c - 46 stones (quivered)
Armour
 a - a +0 robe (melded)
 b - a +0 pair of gloves (melded)
Scrolls
 e - a scroll of enchant weapon {unknown}
Potions
 d - a potion of lignification


   Skills:
 - Level 1.2 Fighting
 - Level 2.1 Dodging
 * Level 3.7 Unarmed Combat
 - Level 1.5 Spellcasting
 + Level 1.8 Transmutations


You had 3 spell levels left.
You knew the following spells:

 Your Spells              Type           Power      Damage    Failure   Level
a - Beastly Appendage     Tmut           8%         N/A       16%         1

Your spell library contained the following spells:

 Spells                   Type           Power      Damage    Failure   Level
 Wereblood                Tmut           4%         N/A       24%         2
 Spider Form              Tmut/Pois      1%         N/A       56%         3
 Ice Form                 Ice/Tmut       2%         N/A       92%         4


Dungeon Overview and Level Annotations

Branches:
Dungeon (1/15)

Altars:


Innate Abilities, Weirdness & Mutations

You are a tree.
Your roots penetrate the ground, keeping you stationary.
You cannot be teleported.
You are immune to unholy pain and torment.
Your maximum health is greatly increased.
Your equipment is partially melded.
((You have a pair of horns on your head.))
((You reflexively headbutt those who attack you in melee.))


Message History

You are lethally poisoned!
You closely miss the kobold.
The kobold is moderately wounded.
You feel very sick.
The kobold hits you with a +0 dagger of venom.
You barely miss the kobold.
The kobold is moderately wounded.
* * * LOW HITPOINT WARNING * * *
You feel sick. The kobold barely misses you.
You hit the kobold. You claw the kobold.
You kill the kobold!
Your talons disappear.
* * * LOW HITPOINT WARNING * * *
You feel sick.
It was a potion of lignification.
You turn into a tree.
Your +0 pair of gloves melds into your body.
Your +0 robe melds into your body.
Your roots penetrate the ground.
* * * LOW HITPOINT WARNING * * *
You feel sick.
An endoplasm comes into view.
You hit the endoplasm.
The endoplasm is lightly wounded.
* * * LOW HITPOINT WARNING * * *
You feel sick.
The endoplasm hits you but does no damage.
You smack the endoplasm!
You kill the endoplasm!
* * * LOW HITPOINT WARNING * * *
You feel sick.
You hear a shout!
A goblin comes into view. It is wielding a +0 club.
You barely miss the goblin.
* * * LOW HITPOINT WARNING * * *
You feel sick. The goblin hits you but does no damage.
You barely miss the goblin.
* * * LOW HITPOINT WARNING * * *
You feel sick. The goblin hits you but does no damage.
You hit the goblin.
The goblin is moderately wounded.
You die...

### # ..# !##.#.#
##.#)#.# #g8.##.#
#♣##..# ..#
##....#
.....###..#
#....)..#
....#####.########
. ................
########.#######
#.# #.#


You could see a goblin.

Vanquished Creatures
  2 endoplasms (D:1)
  A giant cockroach (D:1)
  A goblin (D:1)
  A hobgoblin (D:1)
  3 kobolds (D:1)
  A rat (D:1)
9 creatures vanquished.

Notes
Turn   | Place    | Note
-------+----------+-------------------------------------------
     0 | D:1      | sankara the Minotaur Transmuter began the quest for the
                  | Orb.
     0 | D:1      | Reached XP level 1. HP: 16/16 MP: 1/1
   412 | D:1      | Reached XP level 2. HP: 18/23 MP: 0/3
   424 | D:1      | HP: 1/34 [poisoned by a kobold]
   425 | D:1      | Succumbed to a kobold's poison

Illustrated notes

Levels and vault maps discovered:
D:1:      psy_arrival_basics, layout_basic, columned_hall_lemuel,
          minmay_pentomino_s4

Action                   || total
-------------------------++-------
Melee: Unarmed           ||    23
       Kick              ||     5
Throw: Stone             ||     1
 Cast: Beastly Appendage ||     5
  Use: Potion            ||     1
Armor: Robe              ||     1
       Skin              ||     3
Dodge: Dodged            ||     7
